[ AOE2 MATCH · #473887590 ]
UnrankedSicilians vs Malay
Player's team · LOSS
[ REPLAY ANALYSIS · EXTRACTED FROM THE RECORDED GAME ]
Feudal
17:28
Castle
25:50
Imperial
33:06
| APM avg | 37.0 |
| APM peak | 70 |
| eAPM avg | 21.2 |
| Villagers / military | 108 / 60 |
Focus
⚔️ 31.0% · 🌾 69.0%
Fishing Ship ×37 · Fire Galley ×31 · Knight ×29 · Unknown (2626) ×29 · Trade Cog ×8
Feudal
15:21
Castle
18:57
Imperial
38:59
| APM avg | 75.5 |
| APM peak | 127 |
| eAPM avg | 40.5 |
| Villagers / military | 204 / 60 |
Focus
⚔️ 38.5% · 🌾 61.5%
Fishing Ship ×34 · Fire Galley ×23 · Scout Cavalry ×17 · Boyar ×10 · Scorpion ×4 · Trebuchet (Packed) ×2
Feudal
11:20
Castle
22:34
Imperial
38:45
| APM avg | 37.5 |
| APM peak | 56 |
| eAPM avg | 25.3 |
| Villagers / military | 171 / 141 |
Focus
⚔️ 37.9% · 🌾 62.1%
Galley ×59 · Karambit Warrior ×42 · Demolition Raft ×19 · Fire Galley ×18 · Fishing Ship ×9 · Trebuchet (Packed) ×3
Feudal
14:57
Castle
21:34
Imperial
—
| APM avg | 23.2 |
| APM peak | 47 |
| eAPM avg | 11.5 |
| Villagers / military | 117 / 21 |
Focus
⚔️ 34.8% · 🌾 65.2%
Fishing Ship ×24 · Demolition Raft ×6 · Galley ×4 · Spearman ×4 · Mangonel ×3 · Fire Galley ×2
Feudal
13:28
Castle
17:00
Imperial
31:49
| APM avg | 29.4 |
| APM peak | 54 |
| eAPM avg | 18.3 |
| Villagers / military | 152 / 78 |
Focus
⚔️ 29.0% · 🌾 71.0%
Longbowman ×63 · Trebuchet (Packed) ×10 · Fishing Ship ×8 · Spearman ×4 · Mangonel ×1
Feudal
13:25
Castle
17:01
Imperial
33:28
| APM avg | 44.4 |
| APM peak | 80 |
| eAPM avg | 21.6 |
| Villagers / military | 89 / 88 |
Focus
⚔️ 33.4% · 🌾 66.6%
Genoese Crossbowman ×74 · Fishing Ship ×13 · Bombard Cannon ×7 · Trebuchet (Packed) ×7
Feudal
15:15
Castle
18:58
Imperial
29:41
| APM avg | 52.5 |
| APM peak | 101 |
| eAPM avg | 27.5 |
| Villagers / military | 124 / 100 |
Focus
⚔️ 38.4% · 🌾 61.6%
Scout Cavalry ×47 · Trade Cog ×41 · Archer ×28 · Fishing Ship ×28 · Bombard Cannon ×6 · Knight ×5
Feudal
13:22
Castle
16:55
Imperial
36:14
| APM avg | 38.6 |
| APM peak | 72 |
| eAPM avg | 21.8 |
| Villagers / military | 134 / 113 |
Focus
⚔️ 37.0% · 🌾 63.0%
Spearman ×97 · Unknown (882) ×46 · Fishing Ship ×7 · Battering Ram ×6 · Mangonel ×3 · Trebuchet (Packed) ×3
Match map
Initial resources + every placement click. Lines = walls · curves = elevation contours. ◆ gold · ⬟ stone · ● berries · ✦ relic · ◌ wall gap
Your base· Open — 12t gap
ELEOS | ElNoniro's base· Open — 2t gap
Pollux's base· Open — 10t gap
Dawidowww's base· Open — unwalled flank
Gordito's base· Open — unwalled flank
Lauth3's base· Open — unwalled flank
ELEOS | Danielsiii's base· Open — 2t gap
ZumZum's base· Open — 6t gap
Smoothed initial terrain · ◌ = detected wall gap · hover for details
Inputs per minute
— Vazero - - ELEOS | ElNoniro
Build order — Vazero
First 150 of 338 actions detected
| 0:03 | Build | Dock |
| 0:04 | Build | House |
| 0:22 | Build | Town Center |
| 2:55 | Create | Villager (Male) |
| 2:55 | Create | Villager (Male) |
| 2:55 | Create | Villager (Male) |
| 2:56 | Create | Villager (Male) |
| 3:11 | Create | Villager (Male) |
| 4:01 | Create | Fishing Ship |
| 4:47 | Create | Villager (Male) |
| 5:08 | Create | Fishing Ship |
| 5:18 | Build | House |
| 5:29 | Create | Villager (Male) |
| 5:34 | Create | Fishing Ship |
| 6:05 | Create | Villager (Male) |
| 6:18 | Build | House |
| 6:27 | Create | Fishing Ship |
| 6:39 | Create | Villager (Male) |
| 6:55 | Build | House |
| 7:05 | Create | Fishing Ship |
| 7:17 | Create | Villager (Male) |
| 7:43 | Create | Villager (Male) |
| 7:47 | Build | House |
| 7:52 | Create | Fishing Ship |
| 8:18 | Create | Villager (Male) |
| 8:21 | Create | Fishing Ship |
| 8:41 | Create | Villager (Male) |
| 8:45 | Build | House |
| 9:00 | Create | Villager (Male) |
| 9:02 | Create | Fishing Ship |
| 9:29 | Create | Villager (Male) |
| 9:49 | Build | Dock |
| 9:51 | Create | Villager (Male) |
| 10:01 | Create | Fishing Ship |
| 10:15 | Build | House |
| 10:24 | Create | Villager (Male) |
| 10:31 | Create | Fishing Ship |
| 10:43 | Create | Fishing Ship |
| 10:44 | Create | Villager (Male) |
| 10:49 | Build | Palisade Wall |
| 11:04 | Create | Fishing Ship |
| 11:05 | Create | Villager (Male) |
| 11:18 | Build | House |
| 11:19 | Create | Fishing Ship |
| 11:31 | Create | Villager (Male) |
| 11:40 | Build | Lumber Camp |
| 11:44 | Build | Lumber Camp |
| 11:48 | Build | House |
| 11:51 | Create | Villager (Male) |
| 12:01 | Create | Fishing Ship |
| 12:18 | Build | Palisade Wall |
| 12:20 | Create | Fishing Ship |
| 12:20 | Create | Villager (Male) |
| 12:39 | Create | Fishing Ship |
| 12:41 | Create | Fishing Ship |
| 12:42 | Create | Villager (Male) |
| 13:14 | Build | Dock |
| 13:22 | Create | Villager (Male) |
| 13:23 | Create | Fishing Ship |
| 13:25 | Create | Villager (Male) |
| 13:55 | Create | Fishing Ship |
| 13:55 | Create | Fishing Ship |
| 14:04 | Build | Dock |
| 14:07 | Build | Palisade Wall |
| 14:10 | Build | Palisade Wall |
| 14:19 | Create | Villager (Male) |
| 14:21 | Research | Loom |
| 14:46 | Build | Dock |
| 15:18 | Research | Feudal Age |
| 15:26 | Build | Mining Camp |
| 15:56 | Build | House |
| 16:27 | Build | Dock |
| 16:49 | Build | Barracks |
| 16:53 | Build | Lumber Camp |
| 17:08 | Create | Villager (Male) |
| 17:09 | Create | Villager (Male) |
| 17:28 | Age | Feudal Age |
| 17:28 | Create | Unit 2626 |
| 17:28 | Create | Unit 2626 |
| 17:29 | Create | Unit 2626 |
| 17:29 | Create | Unit 2626 |
| 17:47 | Build | Stable |
| 17:50 | Build | Blacksmith |
| 17:53 | Research | Double-Bit Axe |
| 17:55 | Research | Gold Mining |
| 18:29 | Create | Unit 2626 ×5 |
| 18:34 | Build | House |
| 18:35 | Build | House |
| 18:52 | Create | Unit 2626 ×2 |
| 19:07 | Research | Tech 906 |
| 19:24 | Create | Unit 2626 |
| 19:25 | Create | Unit 2626 |
| 19:25 | Create | Villager (Male) |
| 19:26 | Create | Villager (Male) |
| 19:32 | Build | Mill |
| 19:50 | Create | Unit 2626 ×2 |
| 19:55 | Create | Villager (Male) |
| 20:31 | Create | Unit 2626 ×2 |
| 20:31 | Create | Unit 2626 |
| 20:32 | Create | Villager (Male) |
| 20:37 | Build | Mill |
| 21:01 | Create | Unit 2626 ×2 |
| 21:03 | Create | Villager (Male) |
| 21:08 | Build | Farm |
| 21:08 | Build | Farm |
| 21:09 | Build | Farm |
| 21:09 | Build | Farm |
| 21:09 | Build | Farm |
| 21:09 | Build | Farm |
| 21:11 | Research | Horse Collar |
| 21:21 | Build | House |
| 21:37 | Create | Villager (Male) |
| 21:47 | Create | Villager (Male) |
| 22:12 | Create | Unit 2626 ×5 |
| 22:17 | Create | Fire Galley |
| 22:20 | Create | Fire Galley |
| 22:20 | Create | Fire Galley |
| 22:22 | Create | Villager (Male) |
| 22:25 | Build | House |
| 23:06 | Create | Villager (Male) |
| 23:10 | Research | Castle Age |
| 23:10 | Research | Castle Age |
| 23:38 | Build | House |
| 23:40 | Create | Fire Galley |
| 23:44 | Create | Unit 2626 |
| 23:44 | Create | Unit 2626 |
| 23:54 | Build | Market |
| 24:11 | Create | Unit 2626 |
| 24:11 | Create | Unit 2626 |
| 24:38 | Build | House |
| 24:41 | Create | Villager (Male) |
| 25:26 | Create | Fire Galley ×5 |
| 25:31 | Build | Mining Camp |
| 25:40 | Research | Wheelbarrow |
| 25:50 | Age | Castle Age |
| 25:59 | Build | Town Center |
| 26:10 | Create | Villager (Male) |
| 26:25 | Research | Stone Mining |
| 26:40 | Create | Villager (Male) |
| 26:43 | Research | Gold Shaft Mining |
| 26:52 | Build | House |
| 26:57 | Create | Villager (Male) |
| 27:05 | Build | Town Center |
| 27:09 | Create | Villager (Male) |
| 27:09 | Create | Villager (Male) |
| 27:10 | Create | Villager (Male) |
| 27:34 | Research | War Galley (upgrade) |
| 27:53 | Create | Villager (Male) |
| 27:53 | Create | Villager (Male) |
| 27:53 | Create | Villager (Male) |
Build order — ELEOS | ElNoniro
First 150 of 481 actions detected
| 0:02 | Build | Town Center |
| 0:37 | Build | Dock |
| 1:18 | Build | House |
| 2:24 | Create | Villager (Male) |
| 2:25 | Create | Villager (Male) |
| 2:25 | Create | Villager (Male) |
| 2:25 | Create | Villager (Male) |
| 3:31 | Create | Fishing Ship |
| 3:57 | Create | Villager (Male) |
| 4:24 | Build | House |
| 4:29 | Create | Villager (Male) |
| 4:59 | Create | Villager (Male) |
| 5:09 | Create | Fishing Ship |
| 5:27 | Create | Villager (Male) |
| 5:27 | Create | Villager (Male) |
| 5:51 | Create | Villager (Male) |
| 5:53 | Build | House |
| 6:04 | Create | Fishing Ship |
| 6:04 | Create | Fishing Ship |
| 6:15 | Create | Villager (Male) |
| 6:40 | Create | Villager (Male) |
| 6:40 | Create | Villager (Male) |
| 6:44 | Create | Fishing Ship |
| 7:07 | Create | Villager (Male) |
| 7:07 | Create | Villager (Male) |
| 7:20 | Create | Fishing Ship |
| 7:22 | Build | House |
| 7:24 | Research | Loom |
| 7:44 | Create | Fishing Ship |
| 7:51 | Create | Villager (Male) |
| 8:15 | Create | Villager (Male) |
| 8:21 | Build | Dock |
| 8:24 | Build | Dock |
| 8:33 | Build | House |
| 8:37 | Build | Palisade Wall |
| 8:38 | Build | House |
| 8:39 | Create | Villager (Male) |
| 8:42 | Create | Fishing Ship |
| 8:58 | Create | Villager (Male) |
| 9:02 | Create | Fishing Ship |
| 9:09 | Build | House |
| 9:16 | Create | Fishing Ship |
| 9:31 | Create | Villager (Male) |
| 9:36 | Create | Fishing Ship |
| 9:42 | Create | Villager (Male) |
| 9:54 | Create | Villager (Male) |
| 9:58 | Build | Lumber Camp |
| 10:10 | Create | Fishing Ship |
| 10:21 | Create | Villager (Male) |
| 10:22 | Create | Fishing Ship |
| 10:31 | Create | Villager (Male) |
| 10:46 | Build | Dock |
| 10:46 | Create | Villager (Male) |
| 11:03 | Create | Fishing Ship |
| 11:06 | Build | House |
| 11:24 | Create | Fishing Ship |
| 11:30 | Build | House |
| 11:32 | Create | Fishing Ship |
| 11:54 | Create | Fishing Ship |
| 11:59 | Create | Villager (Male) |
| 12:03 | Create | Fishing Ship |
| 12:04 | Create | Fishing Ship |
| 12:24 | Build | House |
| 12:36 | Build | Dock |
| 12:36 | Create | Villager (Male) |
| 12:39 | Create | Fishing Ship |
| 12:53 | Create | Fishing Ship |
| 12:58 | Build | House |
| 13:11 | Research | Feudal Age |
| 13:11 | Research | Feudal Age |
| 13:11 | Research | Feudal Age |
| 13:11 | Research | Feudal Age |
| 13:13 | Create | Fishing Ship |
| 13:13 | Create | Fishing Ship |
| 13:23 | Create | Fishing Ship |
| 13:35 | Build | Mining Camp |
| 13:40 | Build | Mining Camp |
| 13:44 | Create | Fishing Ship |
| 13:51 | Build | House |
| 14:13 | Create | Fishing Ship |
| 14:27 | Build | Barracks |
| 14:45 | Build | House |
| 15:02 | Build | Mill |
| 15:19 | Build | House |
| 15:21 | Age | Feudal Age |
| 15:27 | Create | Villager (Male) |
| 15:27 | Create | Villager (Male) |
| 15:30 | Build | Stable |
| 15:40 | Build | Market |
| 15:50 | Create | Unit 2626 |
| 16:15 | Research | Castle Age |
| 16:15 | Research | Castle Age |
| 16:15 | Research | Castle Age |
| 16:18 | Create | Scout Cavalry |
| 16:21 | Build | House |
| 16:24 | Build | Lumber Camp |
| 16:26 | Research | Double-Bit Axe |
| 16:26 | Research | Double-Bit Axe |
| 16:26 | Research | Double-Bit Axe |
| 16:41 | Create | Fire Galley |
| 16:47 | Create | Scout Cavalry |
| 16:56 | Create | Scout Cavalry |
| 17:12 | Create | Fire Galley |
| 17:13 | Create | Fire Galley |
| 17:16 | Create | Scout Cavalry |
| 17:18 | Create | Villager (Male) |
| 17:21 | Build | Blacksmith |
| 17:40 | Create | Scout Cavalry |
| 17:57 | Create | Fire Galley |
| 18:04 | Create | Villager (Male) |
| 18:08 | Research | Scale Barding Armor |
| 18:12 | Research | Bloodlines |
| 18:45 | Build | Fish Trap |
| 18:45 | Build | Fish Trap |
| 18:48 | Build | Fish Trap |
| 18:57 | Age | Castle Age |
| 18:58 | Build | House |
| 18:59 | Build | Fish Trap |
| 19:01 | Research | Light Cavalry (upgrade) |
| 19:02 | Research | Light Cavalry (upgrade) |
| 19:09 | Research | Tech 906 |
| 19:09 | Research | Tech 906 |
| 19:13 | Research | Bow Saw |
| 19:13 | Research | Bow Saw |
| 19:13 | Research | Bow Saw |
| 19:13 | Research | Bow Saw |
| 19:25 | Research | War Galley (upgrade) |
| 19:26 | Research | War Galley (upgrade) |
| 19:30 | Create | Villager (Male) |
| 19:46 | Build | Town Center |
| 19:53 | Build | House |
| 20:01 | Create | Villager (Male) |
| 20:10 | Create | Fire Galley |
| 20:10 | Create | Fire Galley |
| 20:14 | Create | Villager (Male) |
| 20:18 | Create | Villager (Male) |
| 20:22 | Create | Villager (Male) |
| 20:23 | Build | House |
| 20:25 | Build | Fish Trap |
| 20:32 | Create | Villager (Male) |
| 20:40 | Create | Villager (Male) |
| 20:42 | Build | Fish Trap |
| 20:45 | Create | Villager (Male) |
| 21:02 | Create | Fire Galley |
| 21:06 | Create | Villager (Male) |
| 21:07 | Build | House |
| 21:11 | Build | Fish Trap |
| 21:12 | Build | Fish Trap |
| 21:25 | Create | Fire Galley |
| 21:26 | Create | Villager (Male) |
Build order — Pollux
First 150 of 489 actions detected
| 0:11 | Build | Town Center |
| 0:23 | Build | Dock |
| 0:27 | Build | House |
| 2:30 | Create | Villager (Male) |
| 2:30 | Create | Villager (Male) |
| 2:30 | Create | Villager (Male) |
| 2:31 | Create | Villager (Male) |
| 3:31 | Create | Fishing Ship |
| 3:36 | Research | Loom |
| 3:48 | Create | Villager (Male) |
| 3:56 | Build | House |
| 4:46 | Create | Villager (Male) |
| 5:12 | Create | Villager (Male) |
| 5:33 | Create | Fishing Ship |
| 5:38 | Create | Villager (Male) |
| 6:01 | Create | Fishing Ship |
| 6:13 | Create | Villager (Male) |
| 6:13 | Create | Villager (Male) |
| 6:41 | Build | House |
| 6:44 | Create | Villager (Male) |
| 6:49 | Create | Fishing Ship |
| 6:49 | Create | Fishing Ship |
| 7:07 | Create | Villager (Male) |
| 7:21 | Create | Fishing Ship |
| 7:42 | Build | House |
| 7:44 | Create | Villager (Male) |
| 7:54 | Create | Villager (Male) |
| 8:07 | Create | Fishing Ship |
| 8:27 | Create | Villager (Male) |
| 8:30 | Build | House |
| 8:50 | Create | Villager (Male) |
| 9:05 | Build | Mining Camp |
| 9:08 | Create | Villager (Male) |
| 9:36 | Build | Palisade Wall |
| 9:46 | Create | Fishing Ship |
| 10:02 | Research | Feudal Age |
| 10:36 | Build | Palisade Wall |
| 10:37 | Build | Palisade Wall |
| 10:38 | Build | Palisade Wall |
| 10:40 | Build | Palisade Wall |
| 10:41 | Build | Palisade Wall |
| 10:50 | Build | Dock |
| 10:53 | Create | Villager (Male) |
| 11:16 | Create | Villager (Male) |
| 11:20 | Age | Feudal Age |
| 11:21 | Build | House |
| 11:23 | Create | Galley |
| 11:23 | Create | Galley |
| 11:28 | Create | Villager (Male) |
| 11:34 | Build | Lumber Camp |
| 11:36 | Create | Galley |
| 11:48 | Create | Villager (Male) |
| 11:55 | Build | House |
| 11:58 | Create | Galley |
| 12:15 | Create | Galley |
| 12:17 | Create | Villager (Male) |
| 12:23 | Build | House |
| 12:29 | Build | Palisade Wall |
| 12:32 | Build | Palisade Wall |
| 12:36 | Create | Villager (Male) |
| 12:42 | Research | Double-Bit Axe |
| 12:43 | Create | Villager (Male) |
| 12:59 | Create | Villager (Male) |
| 13:16 | Build | Dock |
| 13:18 | Create | Galley |
| 13:27 | Create | Villager (Male) |
| 13:36 | Build | House |
| 13:49 | Create | Galley |
| 13:49 | Create | Galley |
| 13:57 | Create | Villager (Male) |
| 14:03 | Build | Blacksmith |
| 14:18 | Create | Villager (Male) |
| 14:24 | Create | Galley |
| 14:24 | Create | Galley |
| 14:52 | Create | Galley |
| 14:52 | Create | Galley |
| 14:55 | Create | Villager (Male) |
| 15:09 | Create | Galley |
| 15:28 | Create | Villager (Male) |
| 15:30 | Build | Mill |
| 15:34 | Create | Villager (Male) |
| 15:35 | Create | Galley |
| 15:44 | Create | Villager (Male) |
| 15:46 | Create | Galley |
| 15:57 | Research | Fletching |
| 16:10 | Create | Galley |
| 16:25 | Create | Villager (Male) |
| 16:26 | Create | Villager (Male) |
| 16:40 | Create | Galley |
| 16:40 | Create | Galley |
| 16:44 | Build | House |
| 17:02 | Create | Villager (Male) |
| 17:20 | Create | Villager (Male) |
| 17:27 | Create | Galley |
| 17:27 | Create | Galley |
| 17:39 | Create | Villager (Male) |
| 17:49 | Create | Galley |
| 17:49 | Create | Galley |
| 17:56 | Build | House |
| 17:59 | Build | House |
| 18:13 | Build | House |
| 18:22 | Build | Market |
| 18:27 | Create | Galley |
| 18:47 | Create | Galley |
| 19:17 | Create | Galley |
| 19:17 | Create | Galley |
| 19:22 | Create | Villager (Male) |
| 19:24 | Create | Villager (Male) |
| 19:25 | Create | Villager (Male) |
| 19:38 | Create | Villager (Male) |
| 19:50 | Build | House |
| 19:50 | Build | House |
| 20:02 | Create | Villager (Male) |
| 20:11 | Create | Villager (Male) |
| 20:19 | Create | Demolition Raft |
| 20:19 | Create | Demolition Raft |
| 20:29 | Build | House |
| 20:42 | Create | Demolition Raft |
| 20:43 | Create | Demolition Raft |
| 20:43 | Create | Villager (Male) |
| 20:58 | Research | Castle Age |
| 21:13 | Build | Lumber Camp |
| 21:53 | Build | House |
| 21:56 | Build | House |
| 21:56 | Build | House |
| 21:58 | Research | Gold Mining |
| 21:59 | Create | Demolition Raft |
| 22:16 | Research | Horse Collar |
| 22:34 | Age | Castle Age |
| 22:35 | Build | Barracks |
| 22:40 | Build | Town Center |
| 22:58 | Research | Bodkin Arrow |
| 23:33 | Create | Villager (Male) |
| 23:40 | Build | Mill |
| 23:44 | Create | Villager (Male) |
| 24:06 | Research | War Galley (upgrade) |
| 24:14 | Build | House |
| 24:30 | Build | University |
| 24:36 | Build | Farm |
| 24:38 | Build | Farm |
| 24:38 | Build | Farm |
| 24:39 | Build | Farm |
| 24:40 | Create | Villager (Male) |
| 24:42 | Create | Galley |
| 24:42 | Create | Galley |
| 24:47 | Create | Galley |
| 24:56 | Create | Villager (Male) |
| 25:08 | Create | Villager (Male) |
| 25:08 | Create | Villager (Male) |
| 25:17 | Create | Galley |
Build order — Dawidowww
145 actions detected in the replay
| 0:07 | Build | House |
| 0:35 | Build | Town Center |
| 1:32 | Build | Dock |
| 2:49 | Create | Villager (Male) ×4 |
| 2:49 | Create | Villager (Male) ×4 |
| 3:46 | Create | Fishing Ship |
| 4:16 | Create | Villager (Male) |
| 4:19 | Build | House |
| 4:50 | Create | Villager (Male) |
| 5:08 | Create | Villager (Male) |
| 5:08 | Create | Villager (Male) |
| 5:33 | Create | Villager (Male) |
| 5:38 | Create | Fishing Ship |
| 6:03 | Create | Villager (Male) |
| 6:20 | Create | Villager (Male) |
| 6:20 | Create | Villager (Male) |
| 6:24 | Build | House |
| 6:43 | Create | Fishing Ship |
| 6:47 | Build | House |
| 7:11 | Create | Villager (Male) ×2 |
| 7:19 | Create | Fishing Ship |
| 7:48 | Create | Villager (Male) ×2 |
| 7:50 | Create | Fishing Ship |
| 8:14 | Build | House |
| 8:18 | Research | Loom |
| 8:21 | Build | House |
| 8:25 | Build | House |
| 8:44 | Create | Villager (Male) |
| 8:44 | Create | Villager (Male) |
| 9:13 | Create | Fishing Ship |
| 9:17 | Create | Villager (Male) ×2 |
| 9:24 | Build | Dock |
| 9:47 | Build | Lumber Camp |
| 10:08 | Build | House |
| 10:14 | Create | Villager (Male) |
| 10:14 | Create | Villager (Male) |
| 10:23 | Create | Fishing Ship |
| 10:38 | Create | Fishing Ship |
| 11:02 | Create | Villager (Male) |
| 11:06 | Build | Mining Camp |
| 11:22 | Create | Fishing Ship |
| 11:40 | Create | Fishing Ship |
| 11:57 | Create | Villager (Male) |
| 12:06 | Create | Villager (Male) |
| 12:08 | Create | Fishing Ship |
| 12:27 | Build | House |
| 12:36 | Create | Fishing Ship |
| 12:45 | Research | Feudal Age |
| 12:51 | Create | Fishing Ship |
| 13:06 | Build | Outpost |
| 13:24 | Build | Lumber Camp |
| 13:50 | Create | Fishing Ship |
| 13:50 | Create | Fishing Ship |
| 14:40 | Build | House |
| 14:57 | Age | Feudal Age |
| 15:07 | Create | Fire Galley |
| 15:07 | Create | Fire Galley |
| 15:13 | Create | Villager (Male) |
| 15:13 | Create | Villager (Male) |
| 15:14 | Create | Villager (Male) |
| 15:14 | Create | Villager (Male) |
| 16:15 | Build | Dock |
| 16:27 | Create | Galley |
| 16:28 | Create | Galley |
| 16:29 | Create | Galley |
| 16:29 | Create | Galley |
| 16:34 | Create | Villager (Male) |
| 16:54 | Build | Palisade Wall |
| 16:55 | Build | Palisade Wall |
| 16:57 | Build | Palisade Wall |
| 16:58 | Build | Palisade Wall |
| 17:00 | Build | Palisade Wall |
| 17:21 | Build | House |
| 17:35 | Build | Barracks |
| 18:17 | Create | Spearman |
| 18:17 | Create | Spearman |
| 18:34 | Build | Lumber Camp |
| 18:54 | Research | Castle Age |
| 19:00 | Create | Spearman |
| 19:00 | Create | Spearman |
| 19:05 | Build | Lumber Camp |
| 19:25 | Build | Watch Tower |
| 19:48 | Build | Lumber Camp |
| 20:09 | Create | Demolition Raft |
| 20:09 | Create | Demolition Raft |
| 21:34 | Age | Castle Age |
| 22:15 | Build | Town Center |
| 23:37 | Create | Villager (Male) ×5 |
| 23:37 | Create | Villager (Male) ×5 |
| 23:38 | Create | Villager (Male) ×5 |
| 24:29 | Create | Demolition Raft |
| 24:30 | Create | Demolition Raft |
| 25:01 | Build | Town Center |
| 25:17 | Research | Tech 905 |
| 25:19 | Build | House |
| 25:20 | Build | House |
| 25:20 | Build | House |
| 25:21 | Build | House |
| 25:59 | Build | Lumber Camp |
| 26:20 | Create | Villager (Male) ×5 |
| 27:01 | Create | Villager (Male) ×5 |
| 27:45 | Build | Market |
| 29:21 | Build | Dock |
| 29:27 | Create | Demolition Raft |
| 29:46 | Build | Town Center |
| 30:45 | Create | Villager (Male) ×5 |
| 30:45 | Create | Villager (Male) ×5 |
| 30:45 | Create | Villager (Male) ×5 |
| 30:56 | Build | Outpost |
| 31:13 | Build | Town Center |
| 31:28 | Build | Mining Camp |
| 32:02 | Build | Lumber Camp |
| 32:21 | Create | Villager (Male) ×4 |
| 33:03 | Build | Outpost |
| 33:09 | Build | Siege Workshop |
| 33:20 | Create | Fishing Ship |
| 33:20 | Create | Fishing Ship |
| 33:21 | Create | Fishing Ship |
| 33:21 | Create | Fishing Ship |
| 33:30 | Build | Mining Camp |
| 33:46 | Create | Mangonel |
| 34:52 | Create | Villager (Male) ×5 |
| 34:52 | Create | Villager (Male) ×5 |
| 34:52 | Create | Villager (Male) ×4 |
| 36:37 | Create | Fishing Ship ×5 |
| 37:00 | Create | Mangonel |
| 37:08 | Create | Villager (Male) ×5 |
| 37:09 | Create | Villager (Male) ×5 |
| 37:16 | Build | Outpost |
| 37:44 | Create | Demolition Raft |
| 38:58 | Create | Transport Ship |
| 39:45 | Build | House |
| 39:45 | Build | House |
| 39:48 | Build | House |
| 40:11 | Build | House |
| 40:13 | Build | Palisade Wall |
| 40:34 | Create | Mangonel |
| 40:54 | Create | Transport Ship |
| 42:02 | Build | Town Center |
| 42:53 | Build | Outpost |
| 42:55 | Create | Villager (Male) ×5 |
| 42:56 | Create | Villager (Male) ×5 |
| 42:56 | Create | Villager (Male) ×5 |
| 43:29 | Build | Outpost |
| 44:18 | Build | Town Center |
Build order — Gordito
First 150 of 387 actions detected
| 0:34 | Build | Town Center |
| 1:27 | Build | Palisade Wall |
| 1:28 | Build | Palisade Wall |
| 1:29 | Build | Palisade Wall |
| 1:30 | Build | Palisade Wall |
| 2:27 | Build | Dock |
| 2:44 | Build | House |
| 2:49 | Create | Villager (Male) |
| 2:50 | Create | Villager (Male) |
| 2:50 | Create | Villager (Male) |
| 3:07 | Create | Villager (Male) |
| 4:20 | Build | House |
| 4:25 | Create | Villager (Male) |
| 4:25 | Create | Villager (Male) |
| 4:55 | Create | Villager (Male) |
| 5:13 | Create | Fishing Ship |
| 5:21 | Create | Villager (Male) |
| 5:47 | Create | Villager (Male) |
| 6:20 | Create | Villager (Male) |
| 6:21 | Create | Fishing Ship |
| 6:49 | Create | Villager (Male) |
| 6:50 | Create | Fishing Ship |
| 6:56 | Build | House |
| 7:12 | Create | Fishing Ship |
| 7:20 | Build | House |
| 7:27 | Create | Villager (Male) |
| 7:28 | Create | Villager (Male) |
| 7:52 | Create | Fishing Ship |
| 8:23 | Create | Villager (Male) |
| 8:48 | Create | Villager (Male) |
| 9:09 | Create | Villager (Male) |
| 9:10 | Create | Villager (Male) |
| 9:13 | Create | Fishing Ship |
| 9:18 | Build | House |
| 9:46 | Create | Villager (Male) |
| 9:58 | Create | Villager (Male) |
| 10:02 | Build | Mill |
| 10:06 | Create | Villager (Male) |
| 10:29 | Create | Villager (Male) |
| 10:31 | Create | Fishing Ship |
| 10:37 | Build | House |
| 10:58 | Research | Feudal Age |
| 12:01 | Create | Fishing Ship |
| 12:27 | Create | Villager (Male) |
| 12:28 | Create | Villager (Male) |
| 13:28 | Age | Feudal Age |
| 13:31 | Build | Market |
| 13:32 | Build | Blacksmith |
| 13:44 | Build | Lumber Camp |
| 14:19 | Research | Double-Bit Axe |
| 14:20 | Research | Castle Age |
| 14:30 | Build | House |
| 14:38 | Build | House |
| 14:39 | Build | House |
| 14:50 | Research | Tech 906 |
| 15:26 | Build | Mining Camp |
| 15:39 | Create | Villager (Male) |
| 17:00 | Age | Castle Age |
| 17:09 | Build | Town Center |
| 17:16 | Build | Town Center |
| 17:19 | Research | Bow Saw |
| 17:20 | Create | Villager (Male) |
| 17:21 | Research | Horse Collar |
| 17:28 | Research | Wheelbarrow |
| 17:29 | Research | Loom |
| 17:32 | Research | Wheelbarrow |
| 17:50 | Build | Palisade Wall |
| 18:04 | Create | Villager (Male) |
| 18:08 | Build | Barracks |
| 18:18 | Build | Palisade Wall |
| 18:28 | Build | Farm |
| 18:30 | Build | Farm |
| 18:33 | Build | Farm |
| 18:36 | Build | Farm |
| 18:38 | Build | Farm |
| 18:40 | Create | Villager (Male) |
| 18:51 | Create | Villager (Male) |
| 18:52 | Create | Villager (Male) |
| 18:56 | Create | Villager (Male) |
| 19:12 | Create | Spearman |
| 19:20 | Build | Farm |
| 19:22 | Build | Farm |
| 19:28 | Create | Spearman |
| 19:44 | Create | Villager (Male) |
| 20:01 | Create | Spearman |
| 20:04 | Build | Mill |
| 20:10 | Build | Mill |
| 20:11 | Create | Spearman |
| 20:12 | Create | Villager (Male) |
| 20:12 | Create | Villager (Male) |
| 20:16 | Build | Farm |
| 20:17 | Build | Farm |
| 20:18 | Build | Farm |
| 20:24 | Build | Farm |
| 20:29 | Build | Farm |
| 20:30 | Build | Farm |
| 20:32 | Build | Farm |
| 20:39 | Create | Villager (Male) |
| 20:39 | Create | Villager (Male) |
| 20:48 | Build | Farm |
| 21:00 | Create | Villager (Male) |
| 21:00 | Create | Villager (Male) |
| 21:12 | Create | Villager (Male) |
| 21:12 | Create | Villager (Male) |
| 21:13 | Create | Villager (Male) |
| 21:22 | Create | Villager (Male) |
| 21:23 | Create | Villager (Male) |
| 21:26 | Build | Farm |
| 21:30 | Research | War Galley (upgrade) |
| 21:40 | Create | Villager (Male) |
| 21:41 | Create | Villager (Male) |
| 21:49 | Build | Town Center |
| 21:57 | Create | Villager (Male) |
| 21:57 | Create | Villager (Male) |
| 22:06 | Build | Farm |
| 22:07 | Build | Farm |
| 22:09 | Create | Villager (Male) |
| 22:11 | Build | Farm |
| 22:14 | Build | Farm |
| 22:20 | Create | Villager (Male) |
| 22:20 | Create | Villager (Male) |
| 22:37 | Create | Villager (Male) |
| 22:37 | Create | Villager (Male) |
| 22:37 | Create | Villager (Male) |
| 22:52 | Create | Villager (Male) |
| 22:53 | Create | Villager (Male) |
| 22:53 | Create | Villager (Male) |
| 22:58 | Build | House |
| 22:58 | Build | House |
| 23:00 | Build | House |
| 23:00 | Build | House |
| 23:05 | Research | Town Watch |
| 23:26 | Create | Villager (Male) |
| 23:26 | Create | Villager (Male) |
| 23:26 | Create | Villager (Male) |
| 23:32 | Research | Heavy Plow |
| 23:42 | Research | Stone Mining |
| 23:42 | Research | Gold Mining |
| 23:48 | Research | Gold Mining |
| 23:50 | Create | Villager (Male) |
| 23:50 | Create | Villager (Male) |
| 23:50 | Create | Villager (Male) |
| 23:53 | Create | Villager (Male) |
| 24:00 | Build | Lumber Camp |
| 24:07 | Build | Farm |
| 24:09 | Build | Farm |
| 24:11 | Create | Villager (Male) |
| 24:12 | Create | Villager (Male) |
| 24:12 | Create | Villager (Male) |
| 24:22 | Build | Farm |
Build order — Lauth3
First 150 of 305 actions detected
| 0:42 | Build | Town Center |
| 0:47 | Build | Dock |
| 1:38 | Build | House |
| 3:16 | Create | Villager (Male) |
| 3:17 | Create | Villager (Male) |
| 3:17 | Create | Villager (Male) |
| 3:17 | Create | Villager (Male) |
| 3:18 | Create | Villager (Male) |
| 3:50 | Create | Villager (Male) |
| 4:29 | Create | Fishing Ship |
| 5:06 | Create | Villager (Male) |
| 5:08 | Build | House |
| 5:30 | Build | House |
| 5:50 | Create | Villager (Male) |
| 6:09 | Create | Villager (Male) |
| 6:10 | Create | Fishing Ship |
| 6:10 | Create | Fishing Ship |
| 6:40 | Create | Villager (Male) |
| 6:40 | Create | Villager (Male) |
| 6:53 | Create | Villager (Male) |
| 6:53 | Create | Villager (Male) |
| 6:54 | Create | Fishing Ship |
| 6:54 | Create | Fishing Ship |
| 7:19 | Create | Villager (Male) |
| 7:28 | Build | House |
| 7:35 | Create | Villager (Male) |
| 8:01 | Create | Fishing Ship |
| 8:01 | Create | Fishing Ship |
| 8:20 | Create | Villager (Male) |
| 8:20 | Create | Villager (Male) |
| 8:27 | Create | Villager (Male) |
| 8:40 | Build | House |
| 8:49 | Create | Fishing Ship |
| 8:49 | Create | Fishing Ship |
| 8:50 | Create | Villager (Male) |
| 8:51 | Create | Villager (Male) |
| 8:59 | Create | Fishing Ship |
| 9:00 | Create | Villager (Male) |
| 9:00 | Create | Villager (Male) |
| 9:22 | Build | House |
| 9:28 | Create | Villager (Male) |
| 9:41 | Build | Mill |
| 9:44 | Create | Villager (Male) |
| 10:32 | Create | Fishing Ship |
| 10:43 | Build | House |
| 10:45 | Research | Loom |
| 10:55 | Research | Feudal Age |
| 11:00 | Build | Dock |
| 11:24 | Build | Mining Camp |
| 12:09 | Create | Fishing Ship |
| 12:09 | Create | Fishing Ship |
| 13:25 | Age | Feudal Age |
| 13:25 | Build | Mining Camp |
| 13:29 | Build | Market |
| 13:31 | Create | Villager (Male) |
| 13:31 | Create | Villager (Male) |
| 13:48 | Build | Blacksmith |
| 14:19 | Research | Castle Age |
| 14:52 | Build | House |
| 15:27 | Create | Villager (Male) |
| 16:18 | Create | Villager (Male) |
| 17:01 | Age | Castle Age |
| 17:07 | Build | Castle |
| 17:10 | Build | Palisade Gate |
| 17:12 | Build | Palisade Wall |
| 17:19 | Build | Palisade Gate |
| 17:22 | Build | Palisade Wall |
| 17:32 | Research | Fletching |
| 17:33 | Create | Villager (Male) |
| 18:09 | Build | Lumber Camp |
| 18:21 | Create | Genoese Crossbowman |
| 18:21 | Create | Genoese Crossbowman |
| 18:22 | Create | Genoese Crossbowman |
| 18:36 | Create | Genoese Crossbowman |
| 18:40 | Create | Villager (Male) |
| 18:40 | Create | Villager (Male) |
| 19:03 | Create | Genoese Crossbowman |
| 19:13 | Research | Double-Bit Axe |
| 19:13 | Research | Double-Bit Axe |
| 19:16 | Create | Villager (Male) |
| 19:24 | Create | Genoese Crossbowman |
| 19:40 | Create | Villager (Male) |
| 19:51 | Create | Villager (Male) |
| 20:02 | Create | Genoese Crossbowman |
| 20:08 | Create | Villager (Male) |
| 20:17 | Create | Villager (Male) |
| 20:22 | Research | Bow Saw |
| 20:29 | Create | Genoese Crossbowman |
| 20:29 | Create | Genoese Crossbowman |
| 21:37 | Build | Town Center |
| 21:49 | Create | Genoese Crossbowman |
| 21:52 | Create | Villager (Male) |
| 21:56 | Create | Villager (Male) |
| 22:01 | Create | Genoese Crossbowman |
| 22:18 | Research | Bodkin Arrow |
| 22:18 | Research | Bodkin Arrow |
| 22:20 | Create | Villager (Male) |
| 22:20 | Create | Villager (Male) |
| 22:35 | Create | Villager (Male) |
| 22:35 | Create | Villager (Male) |
| 22:35 | Create | Villager (Male) |
| 22:48 | Create | Villager (Male) |
| 23:04 | Create | Genoese Crossbowman |
| 23:05 | Create | Genoese Crossbowman |
| 23:06 | Create | Villager (Male) |
| 23:07 | Create | Villager (Male) |
| 23:17 | Create | Villager (Male) |
| 23:20 | Create | Genoese Crossbowman |
| 23:32 | Create | Genoese Crossbowman |
| 23:36 | Create | Villager (Male) |
| 23:41 | Create | Villager (Male) |
| 24:02 | Build | House |
| 24:05 | Create | Villager (Male) |
| 24:38 | Create | Genoese Crossbowman |
| 24:39 | Create | Genoese Crossbowman |
| 24:40 | Create | Villager (Male) |
| 24:40 | Create | Villager (Male) |
| 24:51 | Build | Mill |
| 24:52 | Create | Villager (Male) |
| 24:58 | Build | House |
| 24:58 | Build | House |
| 25:06 | Create | Villager (Male) |
| 25:08 | Create | Genoese Crossbowman |
| 25:08 | Create | Genoese Crossbowman |
| 25:28 | Build | Castle |
| 25:38 | Create | Villager (Male) |
| 25:43 | Build | House |
| 25:43 | Build | House |
| 26:23 | Build | Mining Camp |
| 26:29 | Create | Villager (Male) |
| 26:29 | Create | Villager (Male) |
| 26:39 | Research | Tech 906 |
| 26:48 | Build | House |
| 26:51 | Create | Villager (Male) |
| 26:58 | Build | House |
| 26:59 | Build | House |
| 27:03 | Create | Genoese Crossbowman |
| 27:05 | Create | Villager (Male) |
| 27:07 | Create | Genoese Crossbowman |
| 27:07 | Create | Genoese Crossbowman |
| 27:15 | Create | Villager (Male) |
| 27:23 | Build | Lumber Camp |
| 27:44 | Build | Mill |
| 27:45 | Create | Villager (Male) |
| 27:46 | Create | Villager (Male) |
| 27:50 | Create | Genoese Crossbowman |
| 28:25 | Create | Genoese Crossbowman |
| 28:26 | Create | Genoese Crossbowman |
| 28:55 | Create | Villager (Male) |
| 28:58 | Build | Farm |
Build order — ELEOS | Danielsiii
First 150 of 370 actions detected
| 0:02 | Build | Town Center |
| 0:15 | Build | House |
| 0:19 | Build | Dock |
| 2:22 | Create | Villager (Male) |
| 2:22 | Create | Villager (Male) |
| 2:23 | Create | Villager (Male) |
| 2:23 | Create | Villager (Male) |
| 2:23 | Create | Villager (Male) |
| 2:25 | Create | Fishing Ship |
| 3:22 | Create | Villager (Male) |
| 3:23 | Create | Villager (Male) |
| 3:37 | Build | House |
| 3:56 | Create | Fishing Ship |
| 4:18 | Create | Villager (Male) |
| 4:57 | Create | Villager (Male) |
| 5:07 | Create | Villager (Male) |
| 5:41 | Create | Villager (Male) |
| 5:42 | Create | Fishing Ship |
| 5:48 | Build | House |
| 5:55 | Create | Villager (Male) |
| 5:59 | Create | Fishing Ship |
| 6:07 | Build | House |
| 6:24 | Create | Fishing Ship |
| 6:24 | Create | Fishing Ship |
| 6:26 | Create | Villager (Male) |
| 7:05 | Create | Villager (Male) |
| 7:06 | Create | Fishing Ship |
| 7:19 | Create | Villager (Male) |
| 7:19 | Create | Villager (Male) |
| 7:25 | Create | Fishing Ship |
| 7:31 | Create | Villager (Male) |
| 7:33 | Create | Fishing Ship |
| 7:54 | Create | Fishing Ship |
| 8:01 | Build | House |
| 8:07 | Build | Dock |
| 8:20 | Create | Villager (Male) |
| 8:20 | Create | Villager (Male) |
| 8:28 | Create | Villager (Male) |
| 8:42 | Build | Lumber Camp |
| 8:50 | Create | Villager (Male) |
| 8:57 | Create | Fishing Ship |
| 9:11 | Create | Fishing Ship |
| 9:15 | Build | House |
| 9:20 | Build | House |
| 9:23 | Create | Villager (Male) |
| 9:35 | Create | Villager (Male) |
| 9:46 | Create | Fishing Ship |
| 9:46 | Create | Fishing Ship |
| 9:47 | Create | Villager (Male) |
| 10:00 | Create | Villager (Male) |
| 10:07 | Create | Fishing Ship |
| 10:09 | Create | Villager (Male) |
| 10:25 | Create | Villager (Male) |
| 10:30 | Build | Dock |
| 10:41 | Create | Villager (Male) |
| 10:42 | Create | Fishing Ship |
| 10:56 | Create | Fishing Ship |
| 10:56 | Create | Villager (Male) |
| 11:04 | Create | Fishing Ship |
| 11:07 | Build | House |
| 11:12 | Build | House |
| 11:13 | Build | House |
| 11:24 | Create | Fishing Ship |
| 11:29 | Create | Fishing Ship |
| 11:30 | Create | Villager (Male) |
| 11:43 | Create | Fishing Ship |
| 11:54 | Create | Villager (Male) |
| 12:04 | Create | Fishing Ship |
| 12:04 | Create | Fishing Ship |
| 12:05 | Create | Villager (Male) |
| 12:09 | Build | House |
| 12:10 | Build | House |
| 12:12 | Build | House |
| 12:13 | Build | House |
| 12:24 | Build | House |
| 12:27 | Create | Fishing Ship |
| 12:44 | Create | Fishing Ship |
| 12:45 | Create | Fishing Ship |
| 12:59 | Create | Villager (Male) |
| 13:04 | Build | Dock |
| 13:09 | Research | Feudal Age |
| 13:09 | Research | Feudal Age |
| 13:09 | Research | Feudal Age |
| 13:21 | Build | Mining Camp |
| 13:55 | Build | Barracks |
| 14:05 | Create | Villager (Male) |
| 14:26 | Build | House |
| 14:41 | Create | Fishing Ship |
| 14:42 | Create | Fishing Ship |
| 14:56 | Build | House |
| 14:58 | Build | House |
| 15:10 | Build | House |
| 15:15 | Age | Feudal Age |
| 15:21 | Build | Lumber Camp |
| 15:24 | Build | Stable |
| 15:29 | Build | Palisade Gate |
| 15:31 | Build | House |
| 15:46 | Research | Double-Bit Axe |
| 15:47 | Create | Villager (Male) |
| 15:50 | Build | Lumber Camp |
| 15:57 | Build | Blacksmith |
| 16:01 | Research | Loom |
| 16:04 | Build | House |
| 16:06 | Build | House |
| 16:10 | Research | Tech 906 |
| 16:15 | Create | Scout Cavalry |
| 16:15 | Create | Scout Cavalry |
| 16:15 | Create | Scout Cavalry |
| 16:15 | Create | Scout Cavalry |
| 16:26 | Research | Castle Age |
| 16:26 | Research | Castle Age |
| 16:49 | Build | Stable |
| 16:58 | Research | Scale Barding Armor |
| 16:59 | Research | Forging |
| 17:06 | Build | House |
| 17:07 | Build | House |
| 17:27 | Research | Gold Mining |
| 17:32 | Create | Scout Cavalry |
| 17:32 | Create | Scout Cavalry |
| 18:03 | Research | Bloodlines |
| 18:08 | Build | House |
| 18:31 | Create | Villager (Male) |
| 18:58 | Age | Castle Age |
| 19:01 | Build | Town Center |
| 19:05 | Build | Town Center |
| 19:12 | Create | Knight |
| 19:12 | Create | Knight |
| 19:12 | Create | Knight |
| 19:19 | Build | Town Center |
| 19:26 | Create | Villager (Male) |
| 19:26 | Create | Villager (Male) |
| 19:26 | Create | Villager (Male) |
| 19:28 | Research | Chain Barding Armor |
| 19:30 | Build | Siege Workshop |
| 19:35 | Research | Husbandry |
| 20:11 | Create | Villager (Male) |
| 20:16 | Build | Mining Camp |
| 20:24 | Create | Villager (Male) |
| 20:37 | Build | Mill |
| 20:41 | Create | Villager (Male) |
| 20:41 | Create | Villager (Male) |
| 20:42 | Create | Villager (Male) |
| 20:42 | Create | Villager (Male) |
| 20:42 | Create | Villager (Male) |
| 20:42 | Create | Villager (Male) |
| 20:43 | Create | Villager (Male) |
| 20:56 | Create | Villager (Male) |
| 21:29 | Create | Villager (Male) |
| 21:30 | Build | Monastery |
| 21:33 | Build | Monastery |
Build order — ZumZum
First 150 of 436 actions detected
| 0:11 | Build | Town Center |
| 0:17 | Build | House |
| 1:18 | Build | Dock |
| 1:58 | Build | Palisade Wall |
| 1:59 | Build | Palisade Wall |
| 2:32 | Create | Villager (Male) |
| 2:32 | Create | Villager (Male) |
| 2:33 | Create | Villager (Male) |
| 2:33 | Create | Villager (Male) |
| 4:00 | Create | Villager (Male) |
| 4:02 | Create | Fishing Ship |
| 4:27 | Build | House |
| 4:39 | Research | Loom |
| 5:01 | Create | Villager (Male) |
| 5:19 | Create | Fishing Ship |
| 5:34 | Create | Villager (Male) |
| 5:37 | Create | Fishing Ship |
| 6:09 | Create | Villager (Male) |
| 6:09 | Create | Villager (Male) |
| 6:11 | Build | House |
| 6:36 | Create | Villager (Male) |
| 6:39 | Create | Fishing Ship |
| 7:04 | Create | Villager (Male) |
| 7:20 | Create | Villager (Male) |
| 7:27 | Create | Fishing Ship |
| 7:51 | Create | Villager (Male) |
| 7:51 | Create | Villager (Male) |
| 7:56 | Create | Villager (Male) |
| 7:59 | Build | House |
| 8:03 | Create | Villager (Male) |
| 8:04 | Create | Fishing Ship |
| 8:33 | Create | Villager (Male) |
| 8:39 | Create | Fishing Ship |
| 8:40 | Build | House |
| 9:19 | Create | Villager (Male) |
| 9:19 | Create | Villager (Male) |
| 10:05 | Build | Mining Camp |
| 10:40 | Create | Villager (Male) |
| 10:47 | Build | Mill |
| 11:12 | Research | Feudal Age |
| 11:15 | Build | House |
| 11:26 | Build | Barracks |
| 12:27 | Create | Villager (Male) |
| 13:22 | Age | Feudal Age |
| 13:23 | Build | Blacksmith |
| 13:34 | Build | Stable |
| 13:50 | Create | Villager (Male) |
| 13:57 | Build | Lumber Camp |
| 14:07 | Build | House |
| 14:15 | Research | Castle Age |
| 14:34 | Research | Double-Bit Axe |
| 15:19 | Create | Villager (Male) |
| 15:32 | Create | Scout Cavalry |
| 15:37 | Research | Horse Collar |
| 16:24 | Create | Spearman |
| 16:24 | Create | Spearman |
| 16:50 | Create | Spearman |
| 16:55 | Age | Castle Age |
| 17:02 | Build | Siege Workshop |
| 17:22 | Create | Spearman |
| 17:25 | Research | Pikeman (upgrade) |
| 17:27 | Create | Villager (Male) |
| 17:27 | Create | Villager (Male) |
| 17:31 | Research | Bow Saw |
| 17:35 | Research | Scale Mail Armor |
| 17:52 | Create | Mangonel |
| 18:08 | Create | Villager (Male) |
| 18:11 | Build | Farm |
| 18:13 | Build | Farm |
| 18:17 | Create | Spearman |
| 18:45 | Create | Spearman |
| 18:46 | Create | Mangonel |
| 18:47 | Create | Villager (Male) |
| 18:50 | Build | House |
| 19:01 | Build | House |
| 19:21 | Create | Villager (Male) |
| 19:33 | Create | Spearman |
| 19:35 | Create | Villager (Male) |
| 19:37 | Build | Farm |
| 19:39 | Create | Villager (Male) |
| 20:12 | Create | Villager (Male) |
| 20:17 | Build | Farm |
| 20:40 | Build | Farm |
| 20:46 | Build | Town Center |
| 21:21 | Create | Mangonel |
| 21:22 | Create | Spearman |
| 21:23 | Create | Spearman |
| 21:23 | Create | Spearman |
| 21:29 | Create | Villager (Male) |
| 21:31 | Build | Farm |
| 21:35 | Build | Farm |
| 21:37 | Create | Villager (Male) |
| 21:52 | Research | Forging |
| 21:53 | Create | Villager (Male) |
| 22:38 | Create | Battering Ram |
| 22:57 | Create | Spearman |
| 22:59 | Create | Villager (Male) |
| 22:59 | Create | Villager (Male) |
| 23:05 | Create | Spearman |
| 23:11 | Create | Villager (Male) |
| 23:12 | Create | Villager (Male) |
| 23:13 | Create | Villager (Male) |
| 23:15 | Build | Farm |
| 23:27 | Build | House |
| 23:30 | Build | House |
| 23:51 | Create | Spearman |
| 23:52 | Create | Battering Ram |
| 23:55 | Create | Villager (Male) |
| 23:56 | Create | Villager (Male) |
| 24:07 | Build | House |
| 24:37 | Create | Knight |
| 24:39 | Create | Villager (Male) |
| 24:40 | Create | Villager (Male) |
| 24:41 | Build | Farm |
| 24:55 | Create | Villager (Male) |
| 24:56 | Create | Villager (Male) |
| 24:56 | Create | Villager (Male) |
| 24:56 | Create | Villager (Male) |
| 24:57 | Build | Farm |
| 24:58 | Build | Farm |
| 24:58 | Build | Farm |
| 25:07 | Create | Spearman |
| 25:07 | Create | Spearman |
| 25:29 | Create | Villager (Male) |
| 25:29 | Create | Villager (Male) |
| 25:45 | Create | Villager (Male) |
| 25:48 | Build | Town Center |
| 26:12 | Create | Villager (Male) |
| 26:12 | Create | Villager (Male) |
| 26:21 | Build | Farm |
| 26:22 | Build | Farm |
| 26:23 | Build | Farm |
| 26:24 | Build | Farm |
| 26:25 | Build | Farm |
| 26:27 | Create | Villager (Male) |
| 26:35 | Build | Farm |
| 26:37 | Build | Farm |
| 26:42 | Build | Farm |
| 26:45 | Build | Farm |
| 27:01 | Create | Spearman |
| 27:11 | Create | Villager (Male) |
| 27:11 | Create | Villager (Male) |
| 27:14 | Create | Villager (Male) |
| 27:14 | Create | Villager (Male) |
| 27:16 | Build | Farm |
| 27:17 | Build | Farm |
| 27:17 | Build | Farm |
| 27:19 | Build | Farm |
| 27:20 | Build | Farm |
| 27:21 | Build | Farm |
Match timeline
| 0:03 | Vazero · first_building Dock |
| 0:19 | ELEOS | Danielsiii · first_building Dock |
| 0:23 | Pollux · first_building Dock |
| 0:37 | ELEOS | ElNoniro · first_building Dock |
| 0:47 | Lauth3 · first_building Dock |
| 1:18 | ZumZum · first_building Dock |
| 1:27 | Gordito · wall_segment Palisade Wall x1 |
| 1:28 | Gordito · wall_segment Palisade Wall x1 |
| 1:29 | Gordito · wall_segment Palisade Wall x1 |
| 1:30 | Gordito · wall_segment Palisade Wall x1 |
| 1:32 | Dawidowww · first_building Dock |
| 1:58 | ZumZum · wall_segment Palisade Wall x1 |
| 1:59 | ZumZum · wall_segment Palisade Wall x1 |
| 2:27 | Gordito · first_building Dock |
| 8:37 | ELEOS | ElNoniro · wall_segment Palisade Wall x1 |
| 9:36 | Pollux · wall_segment Palisade Wall x1 |
| 10:36 | Pollux · wall_segment Palisade Wall x1 |
| 10:37 | Pollux · wall_segment Palisade Wall x1 |
| 10:38 | Pollux · wall_segment Palisade Wall x1 |
| 10:40 | Pollux · wall_segment Palisade Wall x1 |
| 10:41 | Pollux · wall_segment Palisade Wall x1 |
| 10:49 | Vazero · wall_segment Palisade Wall x1 |
| 11:20 | Pollux · age_up feudal |
| 11:26 | ZumZum · first_building Barracks |
| 12:18 | Vazero · wall_segment Palisade Wall x1 |
| 12:29 | Pollux · wall_segment Palisade Wall x1 |
| 12:32 | Pollux · wall_segment Palisade Wall x1 |
| 13:22 | ZumZum · age_up feudal |
| 13:25 | Lauth3 · age_up feudal |
| 13:28 | Gordito · age_up feudal |
| 13:34 | ZumZum · first_building Stable |
| 13:55 | ELEOS | Danielsiii · first_building Barracks |
| 14:07 | Vazero · wall_segment Palisade Wall x1 |
| 14:10 | Vazero · wall_segment Palisade Wall x2 |
| 14:27 | ELEOS | ElNoniro · first_building Barracks |
| 14:57 | Dawidowww · age_up feudal |
| 15:15 | ELEOS | Danielsiii · age_up feudal |
| 15:21 | ELEOS | ElNoniro · age_up feudal |
| 15:24 | ELEOS | Danielsiii · first_building Stable |
| 15:30 | ELEOS | ElNoniro · first_building Stable |
| 16:15 | ELEOS | ElNoniro · first_market_sell 100 food |
| 16:49 | Vazero · first_building Barracks |
| 16:53 | Lauth3 · first_market_buy 100 stone |
| 16:54 | Dawidowww · wall_segment Palisade Wall x1 |
| 16:55 | Dawidowww · wall_segment Palisade Wall x1 |
| 16:55 | ZumZum · age_up castle |
| 16:57 | Dawidowww · wall_segment Palisade Wall x1 |
| 16:58 | Dawidowww · wall_segment Palisade Wall x1 |
| 17:00 | Gordito · age_up castle |
| 17:00 | Dawidowww · wall_segment Palisade Wall x1 |
| 17:01 | Lauth3 · age_up castle |
| 17:02 | ZumZum · first_building Siege Workshop |
| 17:07 | Lauth3 · first_building Castle |
| 17:12 | Lauth3 · wall_segment Palisade Wall x1 |
| 17:22 | Lauth3 · wall_segment Palisade Wall x1 |
| 17:28 | Vazero · age_up feudal |
| 17:35 | Dawidowww · first_building Barracks |
| 17:47 | Vazero · first_building Stable |
| 17:50 | Gordito · wall_segment Palisade Wall x1 |
| 18:08 | Gordito · first_building Barracks |
| 18:18 | Gordito · wall_segment Palisade Wall x1 |
| 18:57 | ELEOS | ElNoniro · age_up castle |
| 18:58 | ELEOS | Danielsiii · age_up castle |
| 19:30 | ELEOS | Danielsiii · first_building Siege Workshop |
| 20:33 | Pollux · first_market_sell 100 wood |
| 21:30 | ELEOS | Danielsiii · first_building Monastery |
| 21:34 | Dawidowww · age_up castle |
| 22:34 | Pollux · age_up castle |
| 22:35 | Pollux · first_building Barracks |
| 22:46 | Pollux · first_market_buy 100 food |
| 23:47 | ELEOS | ElNoniro · first_market_buy 100 stone |
| 24:05 | ELEOS | Danielsiii · first_market_sell 100 wood |
| 25:14 | ELEOS | ElNoniro · first_building Monastery |
| 25:40 | ELEOS | Danielsiii · first_building Castle |
| 25:50 | Vazero · age_up castle |
| 26:05 | Gordito · first_building Castle |
| 26:18 | Gordito · wall_segment Palisade Wall x1 |
| 26:19 | Vazero · first_market_sell 100 food |
| 27:11 | Gordito · first_building Siege Workshop |
| 27:50 | Gordito · first_market_sell 500 stone |
| 28:07 | ELEOS | ElNoniro · first_building Castle |
| 28:38 | Gordito · first_market_buy 100 food |
| 29:13 | Dawidowww · first_market_sell 100 food |
| 29:15 | Vazero · first_building Monastery |
| 29:41 | ELEOS | Danielsiii · age_up imperial |
| 30:32 | ELEOS | ElNoniro · first_building Siege Workshop |
| 30:43 | ZumZum · wall_segment Stone Wall x8 |
| 30:54 | Lauth3 · wall_segment Stone Wall x7 |
| 30:57 | Lauth3 · wall_segment Stone Wall x9 |
| 31:02 | ZumZum · wall_segment Stone Wall x5 |
| 31:20 | Lauth3 · wall_segment Stone Wall x8 |
| 31:30 | Lauth3 · wall_segment Stone Wall x15 |
| 31:49 | Gordito · age_up imperial |
| 31:57 | Vazero · first_building Castle |
| 32:01 | Lauth3 · wall_segment Stone Wall x4 |
| 32:06 | Lauth3 · wall_segment Stone Wall x4 |
| 32:10 | Lauth3 · wall_segment Stone Wall x2 |
| 32:14 | Lauth3 · wall_segment Stone Wall x2 |
| 32:20 | ELEOS | Danielsiii · wall_segment Palisade Wall x1 |
| 32:26 | ZumZum · wall_segment Stone Wall x1 |
| 32:31 | ZumZum · first_market_sell 100 food |
| 32:33 | ELEOS | Danielsiii · wall_segment Stone Wall x1 |
| 33:06 | Vazero · age_up imperial |
| 33:09 | Dawidowww · first_building Siege Workshop |
| 33:28 | Lauth3 · age_up imperial |
| 33:51 | ELEOS | Danielsiii · first_building Archery Range |
| 33:53 | Lauth3 · wall_segment Stone Wall x1 |
| 34:07 | Lauth3 · wall_segment Stone Wall x4 |
| 34:09 | Pollux · first_building Castle |
| 34:16 | Lauth3 · first_building Siege Workshop |
| 34:20 | ZumZum · first_building Castle |
| 34:40 | Lauth3 · wall_segment Stone Wall x4 |
| 35:16 | Lauth3 · wall_segment Stone Wall x1 |
| 35:22 | ZumZum · wall_segment Stone Wall x5 |
| 35:28 | ZumZum · wall_segment Stone Wall x6 |
| 36:02 | ZumZum · wall_segment Stone Wall x8 |
| 36:14 | ZumZum · age_up imperial |
| 36:21 | Gordito · tribute_sent a jugador 1 |
| 36:21 | Gordito · tribute_sent a jugador 2 |
| 36:21 | Gordito · tribute_sent a jugador 3 |
| 36:21 | Gordito · tribute_sent a jugador 5 |
| 36:21 | Gordito · tribute_sent a jugador 6 |
| 36:21 | Gordito · tribute_sent a jugador 7 |
| 36:21 | Gordito · tribute_sent a jugador 8 |
| 36:42 | ZumZum · wall_segment Stone Wall x1 |
| 36:44 | ZumZum · wall_segment Stone Wall x1 |
| 37:16 | Lauth3 · wall_segment Stone Wall x2 |
| 37:16 | Vazero · first_market_buy 500 wood |
| 38:45 | Pollux · age_up imperial |
| 38:59 | ELEOS | ElNoniro · age_up imperial |
| 40:13 | Dawidowww · wall_segment Palisade Wall x1 |
| 41:58 | Dawidowww · first_market_buy 100 stone |
| 42:49 | ELEOS | Danielsiii · first_market_buy 100 wood |
| 44:21 | Vazero · resign |
[ AI ANALYSIS · 1 CREDIT ]
What really happened in this match?
Wolo.gg analyzes every decision: build order, eco, micro, common mistakes by bracket. Personalized analysis on WhatsApp or Discord in 30 seconds.
Civ guide
Sicilians
Perfil
Jugador #4278050